 Dungeon Crawl Stone Soup version 0.21.1-1-g345015f (webtiles) character file.

75 cultivahabas the Cudgeler (level 4, -5/35 HPs)
             Began as a Demonspawn Monk on May 18, 2018.
             Killed from afar by AdmiralAndromeda's ghost (7 damage)
             ... with a magic dart
             ... on level 3 of the Dungeon.
             The game lasted 00:09:36 (3562 turns).

cultivahabas the Cudgeler (Demonspawn Monk)         Turns: 3562, Time: 00:09:37

Health: -5/35      AC:  4    Str: 12    XL:     4   Next: 11%
Magic:  4/4        EV: 13    Int: 12    God:
Gold:   114        SH:  0    Dex: 15    Spells: 3/3 levels left

rFire    . . .     SeeInvis .   a - +0 mace
rCold    . . .     Gourm    .   (no shield)
rNeg     . . .     Faith    .   q - +0 leather armour
rPois    .         Spirit   .   i - +1 hat
rElec    .         Reflect  .   (no cloak)
rCorr    .         Harm     .   (no gloves)
MR       .....                  (no boots)
Stlth    ++........             (no amulet)
HPRegen  0.11/turn              (no ring)
MPRegen  0.09/turn              (no ring)

@: no status effects
A: hooves 1, powered by death 1
a: no special abilities


You were on level 3 of the Dungeon.
You were not hungry.

You visited 1 branch of the dungeon, and saw 3 of its levels.

You collected 114 gold pieces.

Inventory:

Hand Weapons
 a - a +0 mace (weapon)
Missiles
 n - 62 stones (quivered)
Armour
 i - a +1 hat (worn)
 q - a +0 leather armour (worn)
Jewellery
 d - a +5 ring of dexterity {unknown}
 f - a +4 amulet of reflection {unknown}
 l - an uncursed ring of protection from magic {unknown}
Scrolls
 e - 2 scrolls of identify {unknown}
 h - a scroll of magic mapping {unknown}
 m - a scroll of immolation {unknown}
 p - 2 scrolls of enchant armour {unknown}
 r - a scroll of teleportation {unknown}
 s - a scroll of remove curse {unknown}
 t - a scroll of fog {unknown}
Potions
 b - a potion of might {unknown}
 g - a potion of agility {unknown}
 j - a potion of degeneration {unknown}
 k - a potion of mutation {unknown}
 o - a potion of curing
Comestibles
 c - 5 rations
 u - a chunk of flesh


   Skills:
 + Level 3.5 Fighting
 * Level 3.7 Maces & Flails
 + Level 3.2 Dodging
 - Level 1.7 Stealth


You had 3 spell levels left.
You didn't know any spells.

Dungeon Overview and Level Annotations

Branches:
Dungeon (3/15)

Altars:
Gozag
Wu Jian
Yredelemnul

Annotations:
D:3 AdmiralAndromeda's ghost, amateur DrCj


Innate Abilities, Weirdness & Mutations

You have large cloven feet.
You regenerate a little health from kills.


Message History

The magic dart hits you!
You hit AdmiralAndromeda's ghost.
Your kick misses AdmiralAndromeda's ghost.
AdmiralAndromeda's ghost is lightly damaged.
AdmiralAndromeda's ghost hits you.
You hit AdmiralAndromeda's ghost but do no damage.
AdmiralAndromeda's ghost is lightly damaged.
AdmiralAndromeda's ghost gestures at you while chanting.
The magic dart hits you!
* * * LOW HITPOINT WARNING * * *
AdmiralAndromeda's ghost gestures at you while chanting.
The magic dart hits you!
* * * LOW HITPOINT WARNING * * *
Okay, then.
Okay, then.
AdmiralAndromeda's ghost is bathed in the radiant lights of Iskenderun.
AdmiralAndromeda's ghost wails.
AdmiralAndromeda's ghost gestures at you while chanting.
The magic dart hits you!
You die...

#...#.#.###########.# #..
##.#.#...#.........###.#####.
.....................)>......
#..#######.###.#.######
##........W....#.#
#.###..######.#####.#
#..............))...#
#.######..#####.#######
#......†...@.W..#
#########..####)# ##.## #.#
#.(# #.# h.......# #.#
h.g.....# ... ......... ...
K.......g.... ########......


You could see AdmiralAndromeda's ghost.

Vanquished Creatures
  3 adders (D:2)
  A dart slug (D:1)
  A leopard gecko (D:2)
  4 bats (D:1)
  A giant cockroach (D:2)
  6 goblins
  5 hobgoblins
  6 jackals
  10 kobolds
  2 ball pythons
  2 frilled lizards
  2 rats
43 creatures vanquished.

Notes
Turn   | Place    | Note
-------+----------+-------------------------------------------
     0 | D:1      | cultivahabas the Demonspawn Monk began the quest for the Orb.
     0 | D:1      | Reached XP level 1. HP: 18/18 MP: 1/1
   792 | D:1      | Gained mutation: You have large cloven feet. [demonic ancestry]
   792 | D:1      | Reached XP level 2. HP: 22/24 MP: 2/2
  2242 | D:2      | Reached XP level 3. HP: 22/29 MP: 3/3
  2811 | D:2      | Found a basalt altar of Yredelemnul.
  2815 | D:2      | Found an opulent altar of Gozag.
  2818 | D:2      | Found an ornate altar of the Wu Jian Council.
  3518 | D:3      | Gained mutation: You regenerate a little health from kills. [demonic ancestry]
  3518 | D:3      | Reached XP level 4. HP: 32/35 MP: 4/4
  3551 | D:3      | Noticed AdmiralAndromeda's ghost (amateur DrCj)
  3562 | D:3      | Killed from afar by AdmiralAndromeda's ghost

Skill      XL: |  1  2 |
---------------+-------+-----
Maces & Flails | 3 |  3.7
Dodging        | 3 |  3.2
Fighting       | |  3.5
Stealth        | |  1.7

Action                   |  1- 3 |  4- 6 || total
-------------------------+-------+-------++-------
Melee: Mace              |   120 |    15 ||   135
       Kick              |    21 |     2 ||    23
 Fire: Hunting sling     |     4 |       ||     4
Throw: Stone             |     3 |       ||     3
  Use: Potion            |     1 |       ||     1
 Stab: Sleeping          |     3 |       ||     3
       Distracted        |       |     1 ||     1
  Eat: Chunk             |     8 |       ||     8
Armor: Robe              |    14 |       ||    14
       Leather armour    |     4 |     1 ||     5
Dodge: Dodged            |    95 |    12 ||   107
